 Dungeon Crawl Stone Soup version 0.25.0-26-g0c896c7088 (webtiles) character file.

Game seed: 13585181980284611652

112 xccam the Insei (level 4, -1/28 HPs)
             Began as an Octopode Transmuter on July 1, 2020.
             Slain by a centaur zombie (8 damage)
             ... on level 3 of the Dungeon.
             The game lasted 00:02:31 (3138 turns).

xccam the Insei (Octopode Transmuter)               Turns: 3138, Time: 00:02:31

Health: -1/28      AC:  1    Str:  9    XL:     4   Next: 95%
Magic:  7/7        EV: 13    Int: 16    God:
Gold:   112        SH:  0    Dex: 12    Spells: 4/7 levels left

rFire    . . .     SeeInvis .     - Unarmed
rCold    . . .     Gourm    .   (no shield)
rNeg     . . .     Faith    +   (helmet restricted)
rPois    +         Spirit   .   e - amulet of faith
rElec    .         Reflect  .   f - ring of poison resistance
rCorr    .         Harm     .   (no ring)
MR       .....                  (no ring)
Stlth    ++........             (no ring)
HPRegen  0.09/turn              (no ring)
MPRegen  0.10/turn              (no ring)
                                (no ring)
                                (no ring)

@: no status effects
A: almost no armour, stealthy swim, amphibious, 8 rings, constrict 8, camouflage
1, gelatinous body 1
a: no special abilities


You were on level 3 of the Dungeon.
You were not hungry.

You visited 1 branch of the dungeon, and saw 3 of its levels.

You collected 112 gold pieces.

Inventory:

Missiles
 a - 31 arrows
Jewellery
 e - an amulet of faith (around mantle)
 f - a ring of poison resistance (left tentacle)
Scrolls
 h - 2 scrolls of immolation {unknown}
 j - 2 scrolls of remove curse {unknown}
 l - 3 scrolls of identify {unknown}
Potions
 b - a potion of stabbing {unknown}
 d - a potion of brilliance {unknown}
 g - 2 potions of curing {unknown}
 i - a potion of heal wounds {unknown}
 m - a potion of lignification {unknown}
Comestibles
 c - 4 rations
 k - a chunk of flesh


   Skills:
 - Level 1.0 Fighting
 - Level 2.0 Dodging
 + Level 5.4 Unarmed Combat
 - Level 2.0 Spellcasting
 - Level 2.0 Transmutations


You had 4 spell levels left.
You knew the following spells:

 Your Spells              Type           Power        Failure   Level  Hunger
a - Beastly Appendage     Tmut           #.....       9%          1    #......
b - Sticks to Snakes      Tmut           #.......     14%         2    ###....

Your spell library contained the following spells:

 Spells                   Type           Power        Failure   Level  Hunger
 Spider Form              Tmut/Pois      #.........   38%         3    ###....
 Ice Form                 Ice/Tmut       #.......     80%         4    #####..
 Blade Hands              Tmut           #.........   94%         5    ######.


Dungeon Overview and Level Annotations

Branches:
Dungeon (3/15)

Altars:
Sif Muna


Innate Abilities, Weirdness & Mutations

You cannot wear most types of armour.
You are very stealthy in the water. (Stealth+)
You are amphibious.
You can wear up to eight rings at the same time.
You can use your tentacles to constrict eight enemies at once.
Your skin changes colour to match your surroundings (Stealth+).
Your rubbery body absorbs attacks. (AC +1, EV +1)


Message History

The centaur zombie is lightly damaged.
The centaur zombie barely misses you.
You tentacle-slap the centaur zombie.
The centaur zombie is moderately damaged.
The centaur zombie misses you.
You tentacle-slap the centaur zombie.
The centaur zombie is moderately damaged.
The centaur zombie closely misses you.
You tentacle-slap the centaur zombie but do no damage.
The centaur zombie is moderately damaged.
The centaur zombie hits you. The centaur zombie hits you!
* * * LOW HITPOINT WARNING * * *
You are too injured to fight recklessly!
You are too injured to fight recklessly!
You are too injured to fight recklessly!
You see here a poisoned dart.
The centaur zombie closely misses you.
You see here 6 poisoned darts.
The centaur zombie hits you!
You die...

...........#.#.#
#.###.....##.#.#
#............#
+......>##.######
#.....#.<........
#.....#....######.
#.................
#...#.####..#####
#####@# #..### #Z#
##...#
#####.#######.#
#......(.(....# .
#.###.#(#######
..#+###......#
.............#
.....[.......#
.%...........#


You could see a centaur zombie.

Vanquished Creatures
  3 adders
  3 gnolls (D:2)
  A worm (D:3)
  A dart slug (D:1)
  2 leopard geckos (D:1)
  2 ball pythons (D:1)
  5 giant cockroaches
  6 goblins
  4 hobgoblins
  A jackal (D:2)
  5 kobolds
  2 quokkas (D:2)
  5 bats
  4 frilled lizards (D:1)
  8 rats
52 creatures vanquished.

Notes
Turn   | Place    | Note
-------+----------+-------------------------------------------
     0 | D:1      | xccam the Octopode Transmuter began the quest for the Orb.
     0 | D:1      | Reached XP level 1. HP: 13/13 MP: 3/3
   210 | D:1      | Reached XP level 2. HP: 7/18 MP: 3/5
   474 | D:1      | Learned a level 2 spell: Sticks to Snakes
   535 | D:1      | Reached skill level 4 in Unarmed Combat
   680 | D:1      | Reached XP level 3. HP: 21/23 MP: 6/6
  1200 | D:2      | Found a shimmering blue altar of Sif Muna.
  1935 | D:2      | Reached XP level 4. HP: 28/28 MP: 7/7
  2165 | D:2      | HP: 1/28 [gnoll/+0 halberd (16)]
  2543 | D:2      | Reached skill level 5 in Unarmed Combat
  3138 | D:3      | Slain by a centaur zombie

Illustrated notes

Levels and vault maps discovered:
D:1:      matt_arrival_los_fun, layout_basic
D:2:      layout_loops_corners, old_standard_altar, minmay_misc_feat_columns,
          kennysheep_generic_room_16
D:3:      layout_basic, uniq_ijyb, uniq_natasha

Skill      XL: |  1  2  3  4 |
---------------+-------------+-----
Unarmed Combat | 4 5 |  5.4
Fighting       | |  1.0
Dodging        | |  2.0
Spellcasting   | |  2.0
Transmutations | |  2.0

Action                   |  1- 3 |  4- 6 || total
-------------------------+-------+-------++-------
Melee: Unarmed           |    71 |    42 ||   113
       Constrict         |    19 |    10 ||    29
       Tentacles         |     8 |     8 ||    16
       Kick              |     3 |     2 ||     5
       Punch             |       |     1 ||     1
 Cast: Beastly Appendage |     2 |     3 ||     5
 Stab: Sleeping          |     8 |     5 ||    13
  Eat: Chunk             |     3 |     4 ||     7
Armor: Skin              |     5 |     3 ||     8
Dodge: Dodged            |    42 |    28 ||    70
